 Dungeon Crawl Stone Soup version 0.22.0-49-gab54619 (webtiles) character file.

79 Doobh the Sneak (level 4, -3/24 HPs)
             Began as a Kobold Enchanter on Sept 4, 2018.
             Shot with an arrow by a centaur (7 damage)
             ... on level 3 of the Dungeon.
             The game lasted 00:10:14 (2677 turns).

Doobh the Sneak (Kobold Enchanter)                  Turns: 2677, Time: 00:10:14

Health: -3/24      AC:  3    Str:  5    XL:     4   Next: 62%
Magic:  7/7        EV: 16    Int: 17    God:
Gold:   107        SH:  0    Dex: 15    Spells: 2/8 levels left

rFire    . . .     SeeInvis .   a - +1 dagger
rCold    . . .     Gourm    .   (shield restricted)
rNeg     . . .     Faith    .   b - +0 robe
rPois    .         Spirit   .   (no helmet)
rElec    .         Reflect  .   (no cloak)
rCorr    .         Harm     .   q - +0 pair of gloves
MR       .....                  (no boots)
Stlth    +++.......             (no amulet)
HPRegen  0.08/turn              (no ring)
MPRegen  0.10/turn              (no ring)

@: no status effects
A: small, carnivore
a: no special abilities


You were on level 3 of the Dungeon.
You were completely stuffed.

You visited 1 branch of the dungeon, and saw 3 of its levels.

You collected 107 gold pieces.

Inventory:

Hand Weapons
 a - a +1 dagger (weapon)
 f - a +0 hunting sling
Missiles
 c - 45 stones (quivered)
 l - 10 poisoned needles
Armour
 b - a +0 robe (worn)
 q - a +0 pair of gloves (worn)
Jewellery
 p - a cursed ring of poison resistance {unknown}
Scrolls
 g - a scroll of fog {unknown}
 i - 2 scrolls of amnesia {unknown}
 j - 2 scrolls of remove curse {unknown}
 k - a scroll of blinking {unknown}
 m - 2 scrolls of identify {unknown}
 n - a scroll of random uselessness {unknown}
 o - a scroll of magic mapping {unknown}
Potions
 e - 3 potions of berserk rage {unknown}
 h - a potion of resistance {unknown}
 s - a potion of magic {unknown}
Comestibles
 d - 4 rations
 r - 3 chunks of flesh


   Skills:
 + Level 2.3 Short Blades
 + Level 3.1 Dodging
 + Level 4.7 Stealth
 + Level 2.6 Spellcasting
 * Level 3.8 Hexes


You had 2 spell levels left.
You knew the following spells:

 Your Spells              Type           Power        Failure   Level  Hunger
a - Corona                Hex            ###....      3%          1    #......
b - Ensorcelled Hibernat  Hex/Ice        #.....       12%         2    ##.....
c - Confuse               Hex            ###.....     11%         3    ###....

Your spell library contained the following spells:

 Spells                   Type           Power        Failure   Level  Hunger
 Tukima's Dance           Hex            ###.....     11%         3    ###....
 Dazzling Spray           Conj/Hex       #.....       24%         3    ###....


Dungeon Overview and Level Annotations

Branches:
Dungeon (3/15)

Altars:
Ashenzari


Innate Abilities, Weirdness & Mutations

You are small and have problems with some larger weapons.
You are carnivorous and can eat meat at any time.


Message History

The adder bites you.
You hit the adder.
You kill the adder!
You start resting.
Some of the chunks of flesh in your inventory have rotted away.
Eating one of 6 chunks of flesh.
You eat one of the 6 chunks of flesh.
This raw flesh tastes great.
Some of the chunks of flesh in your inventory have rotted away.
Magic restored.
You start resting.
The centaur is too close now for your liking.
The centaur shouts!
The centaur wields a shortbow.
The centaur shoots an arrow.
The arrow hits you!
* * * LOW HITPOINT WARNING * * *
You see here an arrow.
The centaur shoots an arrow.
The arrow hits you.
* * * LOW HITPOINT WARNING * * *
You see here an arrow.
The centaur shoots an arrow.
The arrow hits you!
You die...

######.#.####.........#
#....รท.#.# #.........#
#.######.# #.........#
#.# #.# #.........#
######'######.#
###########
#..........##.#
#..........##.##
#.....(........#
#...........@#
#.....(....(.#
######.(...(.#
#.......# #./.....#
#.......# #......c#
#.......# #...?....


You could see a centaur.

Vanquished Creatures
  3 adders
  2 oozes
  A worm (D:2)
  A dart slug (D:1)
  A leopard gecko (D:2)
  8 bats
  5 goblins
  3 hobgoblins
  2 jackals (D:3)
  A quokka (D:3)
  2 frilled lizards
  3 kobolds
  7 rats
39 creatures vanquished.

Notes
Turn   | Place    | Note
-------+----------+-------------------------------------------
     0 | D:1      | Doobh the Kobold Enchanter began the quest for the Orb.
     0 | D:1      | Reached XP level 1. HP: 10/10 MP: 3/3
   300 | D:1      | Reached XP level 2. HP: 11/15 MP: 5/5
   329 | D:1      | Found a shattered altar of Ashenzari.
   395 | D:1      | Learned a level 2 spell: Ensorcelled Hibernation
  1019 | D:2      | Reached XP level 3. HP: 19/19 MP: 6/6
  1536 | D:2      | Learned a level 3 spell: Confuse
  1824 | D:2      | Reached XP level 4. HP: 24/24 MP: 7/7
  2211 | D:2      | Found a faded altar of an unknown god.
  2299 | D:3      | Noticed a centaur
  2677 | D:3      | Shot with an arrow by a centaur

Skill      XL: |  1  2  3 |
---------------+----------+-----
Short Blades   | 2 |  2.3
Dodging        | 3 |  3.1
Stealth        | |  4.7
Spellcasting   | |  2.6
Hexes          | |  3.8

Action                   |  1- 3 |  4- 6 || total
-------------------------+-------+-------++-------
Melee: Dagger            |   102 |    72 ||   174
 Fire: Hunting sling     |       |     4 ||     4
Throw: Stone             |     2 |    11 ||    13
 Cast: Ensorcelled Hiber |    11 |     8 ||    19
       Confuse           |     2 |       ||     2
 Stab: Sleeping          |    10 |     5 ||    15
  Eat: Chunk             |    12 |     4 ||    16
Armor: Robe              |    15 |    11 ||    26
Dodge: Dodged            |    65 |    72 ||   137
